[Event "MČR juniorů a juniorek v rapid šachu 2023"]
[Site "Czech Republic"]
[Date "2023.09.23"]
[Round "2.22"]
[White "Sulc, Jakub"]
[Black "Jun, Rostislav"]
[Result "1-0"]
[TimeControl "20 min + 5 sec per move"]
[WhiteFideId "394050"]
[BlackFideId "23719524"]
[WhiteElo "1920"]
[BlackElo "1317"]

1. c4 d6 2. g3 c5 3. Bg2 Nc6 4. Nc3 Nf6 5. d3 Bd7 6.
e4 e5 7.
Nge2 Be7 8. O-O O-O 9. f4 a6 10. h3 Qc7 11. f5 Nd4 12. g4 Bc6 13. g5 Nd7 14. Nxd4 exd4 15. Ne2 Ne5 16.
f6 Bd8 17. fxg7 Kxg7 18. Ng3 h6 19. Nf5+ Kh7 20. Qh5 1-0

[Event "MČR juniorů a juniorek v rapid šachu 2023"]
[Site "Czech Republic"]
[Date "2023.09.23"]
[Round "2.23"]
[White "Glasbergerova, Lucie"]
[Black "Mrazek, Adam"]
[Result "0-1"]
[TimeControl "20 min + 5 sec per move"]
[WhiteFideId "23725184"]
[BlackFideId "23725010"]
[WhiteElo "1314"]
[BlackElo "1753"]

1. e4 e6 2. d4 d5 3. e5 c5 4. c3 Nc6 5. Nf3 Bd7 6. Be3 Qc7 7. Bb5 cxd4 8. cxd4 Qa5+ 9. Nc3 Bb4 10.
Bxc6 Bxc3+ 11. bxc3 Qxc3+ 12. Bd2 Qxc6 13. O-O Ne7 14. Rb1 O-O 15. Qe2 b6 16. Rfc1 Qb7 17. Bb4 Rfe8 18. Bd6 Rac8 19.
Qd2 Nf5 20. Bb4 Bb5 21. Qf4 Bc4 22. a3 Rc7 23. Nh4 Nxh4 24. Qxh4 Rec8 25. Bd6 Rc6 26. h3 Bd3 27. Rxc6 Qxc6 28.
Rd1 Be4 29. Re1 Qc3 30. Re3 Qxd4 31. Kh2 h6 32. Rg3 Qd2 33. Re3 Kh7 34. Qe7 Qxf2 35. Rg3 Rc1 36. h4 Qg1+ 37. Kh3 Bf5+ 38.
Rg4 Bxg4+ 39. Kxg4 Qxg2+ 40. Kf4 Rc4+ 41. Ke3 Qe4+ 42. Kf2 Rc2+ 43. Kg3 Qe3+ 0-1

[Event "MČR juniorů a juniorek v rapid šachu 2023"]
[Site "Czech Republic"]
[Date "2023.09.23"]
[Round "2.24"]
[White "Tvaroh, Vitezslav"]
[Black "Beran, Jakub"]
[Result "1/2-1/2"]
[TimeControl "20 min + 5 sec per move"]
[WhiteFideId "23704209"]
[BlackFideId "23727071"]
[WhiteElo "1303"]
[BlackElo "1645"]

1. e4 c5 2. Nf3 Nc6 3. d4 cxd4 4.
Nxd4 d6 5. Nc3 Nf6 6. Be3 g6 7. f3 Bg7 8. Qd2 O-O 9. g4 Nd7 10. h4 Nde5 11. Be2 Qc7 12. h5 Nxd4 13. Bxd4 h6 14.
f4 Nc4 15. Bxc4 Qxc4 16. Bxg7 Kxg7 17. hxg6 fxg6 18. f5 g5 19. O-O-O Rh8 20. Nd5 Kf7 21. b3 Qc5 22. Kb1 b6 23.
Rde1 Bb7 24. c4 Rad8 25. Qc3 b5 26. e5 Bxd5 27. e6+ Kg8 28. Qa5 Rf8 29. cxd5 Qxd5 30. Qxa7 Rh7 1/2-1/2

[Event "MČR juniorů a juniorek v rapid šachu 2023"]
[Site "Czech Republic"]
[Date "2023.09.23"]
[Round "2.25"]
[White "Pistej, Tomas"]
[Black "Halama, Tomas"]
[Result "1-0"]
[TimeControl "20 min + 5 sec per move"]
[WhiteFideId "23750740"]
[BlackFideId "397970"]
[WhiteElo "1640"]
[BlackElo "1306"]

1. e4 c5 2. Nc3 Nc6 3. Bb5 d6 4. Bxc6+ bxc6 5. f4 Nf6 6. Nf3 Ba6 7. d3 e6 8. O-O Be7 9. Re1 O-O 10. e5 Nd5 11. Ne4 Nc7 12.
exd6 Bxd6 13. Be3 Qe7 14. Ne5 Bb7 15. Nc4 Nd5 16. Nexd6 Nxe3 17. Rxe3 Ba6 18. Qe2 Rfd8 19. Ne4 Rab8 20. b3 Bxc4 21. dxc4 Rb7 22. Rd1 Rxd1+ 23. Qxd1 Rd7 24. Rd3 Rxd3 25.
Qxd3 g6 26. Qd6 Qh4 27. g3 Qg4 28. Nf6+ 1-0

[Event "MČR juniorů a juniorek v rapid šachu 2023"]
[Site "Czech Republic"]
[Date "2023.09.23"]
[Round "2.26"]
[White "Bela, Lukas"]
[Black "Boff, Vojtech"]
[Result "0-1"]
[TimeControl "20 min + 5 sec per move"]
[WhiteFideId "23738545"]
[BlackFideId "23733969"]
[WhiteElo "1297"]
[BlackElo "1632"]

1. e4 c5 2. f4 d5 3. Nc3 dxe4 4. Nxe4 e6 5. Nf3 Nf6 6. Ng3 Nc6 7. Bc4 Bd6 8. d3 Qc7 9. Ne2 a6 10.
a3 b5 11. Ba2 Bb7 12. O-O O-O 13. d4 cxd4 14. Nexd4 Nxd4 15. Qxd4 Bc5 0-1

[Event "MČR juniorů a juniorek v rapid šachu 2023"]
[Site "Czech Republic"]
[Date "2023.09.23"]
[Round "2.27"]
[White "Dvorak, Jan"]
[Black "Cinkova, Vicky"]
[Result "0-1"]
[TimeControl "20 min + 5 sec per move"]
[WhiteFideId "23730722"]
[BlackFideId "23725826"]
[WhiteElo "1624"]
[BlackElo "1300"]

1. e4 c5 2. Nf3 Nc6 3. d4 cxd4 4.
Nxd4 g6 5. Be3 Bg7 6. Nc3 d6 7. Be2 Nf6 8. O-O O-O 9. f4 Bd7 10. Kh1 Rc8 11. Bf3 a6 12. Rf2 Qc7 13. Nd5 Nxd5 14.
exd5 Nxd4 15. Bxd4 Bxd4 16. Qxd4 Bf5 17. c3 Qc4 18. Qxc4 Rxc4 19. Be2 Rc5 20. Bf3 Rfc8 21. g4 Bd3 22.
Rd1 Bb5 23. f5 Bd7 24. Be4 Rc4 25. Re1 Re8 26. h3 b5 27. Re3 Bc8 28. Bc2 Bb7 29. Rd2 Rf4 30. Be4 Bc8 31. Rg2 Rf1+ 32.
Kh2 Kf8 33. fxg6 hxg6 34. Rf3 Re1 35. Bxg6 Rd8 36. Rxf7+ Kg8 37. Rgf2 Bb7 38. Rxe7 Rxe7 0-1

[Event "MČR juniorů a juniorek v rapid šachu 2023"]
[Site "Czech Republic"]
[Date "2023.09.23"]
[Round "2.29"]
[White "Housa, Vojtech"]
[Black "Krajicek, Matthew"]
[Result "1-0"]
[TimeControl "20 min + 5 sec per move"]
[WhiteFideId "23736364"]
[BlackFideId "23740175"]
[WhiteElo "1539"]
[BlackElo "1283"]

1. e4 d5 2. Nc3 d4 3. Nce2 Nc6 4. Ng3 e5 5.
Bc4 Bc5 6. d3 Nge7 7. f4 f6 8. Nf3 Bg4 9. O-O Na5 10. Bb3 Nxb3 11. axb3 O-O 12. h3 Bxf3 13. Qxf3 Nc6 14. Qg4 Qe7 15.
Nf5 1-0

[Event "MČR juniorů a juniorek v rapid šachu 2023"]
[Site "Czech Republic"]
[Date "2023.09.23"]
[Round "2.30"]
[White "Mikolas, Petr"]
[Black "Macova, Marketa"]
[Result "1-0"]
[TimeControl "20 min + 5 sec per move"]
[WhiteFideId "23713224"]
[BlackFideId "23715588"]
[WhiteElo "1514"]
[BlackElo "1228"]

1. e4 e5 2. Nf3 Nc6 3.
Bc4 Bc5 4. c3 d6 5. d4 exd4 6. cxd4 Bb4+ 7. Nc3 Bg4 8. O-O Nf6 9. Bg5 h6 10. Bxf6 Qxf6 11. Nd5 Qd8 12. Nxb4 Nxb4 13.
Bxf7+ Kxf7 14. Qb3+ Ke8 15. Qxb4 Bxf3 16. gxf3 Qg5+ 17. Kh1 b6 18. Rg1 Qf6 19. Qc3 Qf7 20. Qc6+ Ke7 21. Qxc7+ Ke8 22.
Qc6+ Ke7 23. e5 Rac8 24. Qxd6+ Ke8 25. Rg3 Rf8 26. e6 Qf6 27. Qd7# 1-0

[Event "MČR juniorů a juniorek v rapid šachu 2023"]
[Site "Czech Republic"]
[Date "2023.09.23"]
[Round "2.31"]
[White "Hosova, Stella"]
[Black "Havelkova, Beata"]
[Result "0-1"]
[TimeControl "20 min + 5 sec per move"]
[WhiteFideId "23710489"]
[BlackFideId "23709405"]
[WhiteElo "1164"]
[BlackElo "1494"]

1. d4 Nf6 2. Bf4 g6 3. e3 Bg7 4. Bd3 d6 5. Nd2 Nfd7 6. c3 e5 7. Bg3 d5 8. Bb5 exd4 9. exd4 O-O 10. Ngf3 Re8+ 11. Be2 Qe7 12.
Bxc7 Nc6 13. Ng1 Nf6 14. Bg3 Bf5 15. Ndf3 Ne4 16. Nh4 Bg4 17. f3 Nxg3 18. hxg3 Bd7 19. Qd2 g5 20. Qd3 Qf6 21.
f4 gxh4 22. Rxh4 Bf5 23. Qf3 Re4 24.
O-O-O Nxd4 25. Qf2 Nxe2+ 26. Nxe2 Rae8 27. Rd2 b5 28. g4 Bg6 29. g5 Qf5 30. Ng3 Re1+ 0-1

[Event "MČR juniorů a juniorek v rapid šachu 2023"]
[Site "Czech Republic"]
[Date "2023.09.23"]
[Round "2.32"]
[White "Hruby, Filip"]
[Black "Zadrapova, Gabriela"]
[Result "1-0"]
[TimeControl "20 min + 5 sec per move"]
[WhiteFideId "23721480"]
[BlackFideId "23753056"]
[WhiteElo "1460"]
[BlackElo "1206"]

1. e4 e5 2. Nc3 Nf6 3. f4 exf4 4. e5 Ng8 5. Nf3 Nc6 6. d4 d6 7. Bb5 Bd7 8. O-O dxe5 9. Bxc6 Bxc6 10.
Nxe5 Qd6 11. Bxf4 Qe6 12. d5 Bxd5 13. Qxd5 Qb6+ 14. Kh1 Qe6 15. Nb5 Rc8 16. Qxe6+ fxe6 17. Nxa7 Rd8 18. Nb5 Rc8 19.
Rad1 Bc5 20. Nd7 Bb6 21. Nxb6 cxb6 22. Nd6+ Kd8 23. Nf7+ Ke8 24. Nxh8 Nf6 25. Be5 Ke7 26. Bxf6+ gxf6 27.
Rf2 Rxh8 28. Rfd2 Rb8 29. Rd7+ Ke8 30. Rxh7 Kf8 31. Rh8+ Ke7 32. Rxb8 Kf7 33. Rxb7+ Kg6 34. Rxb6 Kf7 35. Rd7+ Kg6 36. Rxe6 Kf5 37. Rdd6 Kg5 38. Rxf6 Kh5 39.
Rd5+ Kg4 40. h3+ Kg3 41. Rg5+ Kh4 42. Rg4+ Kh5 43. Rf8 Kh6 44. Rh8# 1-0

[Event "MČR juniorů a juniorek v rapid šachu 2023"]
[Site "Czech Republic"]
[Date "2023.09.23"]
[Round "2.33"]
[White "Martinkovicova, Nela"]
[Black "Janouskova, Adela"]
[Result "0-1"]
[TimeControl "20 min + 5 sec per move"]
[WhiteFideId "23715596"]
[BlackFideId "23709804"]
[WhiteElo "1049"]
[BlackElo "1442"]

1. Nf3 f5 2. d4 Nf6 3. Bf4 g6 4. e3 Bg7 5. Bc4 e6 6. Nc3 O-O 7. Qe2 d5 8. Bd3 Nbd7 9. O-O-O a6 10.
Rdg1 c5 11. h4 c4 12. Bxc4 dxc4 13. Qxc4 Nb6 14. Qd3 Nbd5 15. Be5 Nxc3 16. bxc3 Ne4 17. Rf1 Qa5 18. Bxg7 Kxg7 19. Ng5 Qa3+ 20. Kd1 Nxc3+ 21. Kd2 Nb5 22.
Qxa3 Nxa3 23. f4 Bd7 24. Rfg1 h5 25. g3 Rac8 26. Rc1 Rc7 27. Kd1 Rfc8 28. Rh2 Rc3 29. Re2 Kf6 30. Nh7+ Ke7 31.
Ng5 Ba4 32. Nf3 Nxc2 33. Rcxc2 Bxc2+ 34. Ke1 Bd3 35. Rd2 Rc1+ 36. Kf2 Bb5 37. Ne1 Rb1 38. Nf3 0-1

[Event "MČR juniorů a juniorek v rapid šachu 2023"]
[Site "Czech Republic"]
[Date "2023.09.23"]
[Round "3.1"]
[White "Pressler, Tobias"]
[Black "Prazak, Daniel"]
[Result "0-1"]
[TimeControl "20 min + 5 sec per move"]
[WhiteFideId "23715359"]
[BlackFideId "23709456"]
[WhiteElo "1859"]
[BlackElo "2029"]

1. e4 c6 2. d4 d5 3.
exd5 cxd5 4. Bd3 Nc6 5. c3 Qc7 6. h3 Nf6 7. Nf3 g6 8. O-O Bf5 9. Re1 Bg7 10. Ne5 Bxd3 11.
Nxd3 O-O 12. Bf4 Qc8 13. Nd2 Re8 14. Qf3 b6 15. Nf1 Ne4 16. Ng3 Nxg3 17. Bxg3 Qd7 18. Re2 e6 19. Bh2 b5 20.
Nc5 Qe7 21. Na6 Rac8 22. Nc7 Rxc7 23. Bxc7 Qxc7 24. a3 a5 25.
Qd3 b4 26. axb4 axb4 27. Ra6 Qb7 28.
Re1 bxc3 29. bxc3 Ra8 30. Rxa8+ Qxa8 31. Qb5 h5 32. g3 Bf6 33. Kg2 Ne7 34. Rb1 Kg7 35. h4 Nf5 36. Qd7 Qd8 37. Qa7 Nd6 38. Rb8 Qe7 39.
Qa8 Kh7 40. Qc6 Bg7 41. Rb6 Bf8 42. Rb8 Kg7 43. Rb6 Ne4 44. Rb7 Qf6 45. f4 Qf5 46. Qd7 Nd6 47. Rc7 Qc2+ 48. Kh3 Qe4 49.
Kh2 Qe2+ 50. Kh3 Qf1+ 51. Kh2 Qf2+ 52. Kh1 Qxg3 53.
Qxe6 Qxh4+ 54. Kg2 Qxf4 55. Qxd5 Ne4 56. Qe5+ Qxe5 57. dxe5 Nc5 58. Kf3 g5 59. Rc6 Ne6 60. Ke4 Kg6 61. c4 h4 62. Rc8 g4 63. Ra8 h3 64. Ra1 g3 65. Kf3 g2 66.
Kg3 Bc5 0-1

[Event "MČR juniorů a juniorek v rapid šachu 2023"]
[Site "Czech Republic"]
[Date "2023.09.23"]
[Round "3.2"]
[White "Ocelak, Jakub"]
[Black "Novotny, Dominik"]
[Result "1/2-1/2"]
[TimeControl "20 min + 5 sec per move"]
[WhiteFideId "23707933"]
[BlackFideId "23755601"]
[WhiteElo "2025"]
[BlackElo "1707"]

1. d4 Nf6 2. c4 e6 3. Nf3 b6 4. g3 Bb7 5. Bg2 Be7 6. O-O O-O 7. Re1 c5 8. d5 exd5 9. Nh4 d6 10. Nc3 Nbd7 11. Nf5 Re8 12.
Nxe7+ Qxe7 13. cxd5 a6 14. a4 Rac8 15. b3 Ne5 16. h3 c4 17. b4 Nd3 18. Be3 Nxe1 19. Qxe1 Nd7 20. Bd4 a5 21. Rb1 Ra8 22. Qd2 axb4 23.
Rxb4 Nc5 24. Qb2 Ra6 25. Rxc4 Rea8 26.
Bf3 Nxa4 27. Nxa4 Rxa4 28. Rxa4 Rxa4 29. Bxg7 f5 30.
Bf6 Qc7 31. Qd2 Qf7 32. Bb2 Qg6 33. Qc3 f4 34. Kg2 fxg3 35. fxg3 b5 36. Qh8+ Kf7 37. Qb8 Ba6 38. Qc7+ Kg8 39. Qd8+ Kf7 40. h4 Ra2 41.
Qd7+ Kg8 42. Bd4 b4 43. Qd8+ Kf7 44.
Qd7+ Kg8 45. h5 Qf7 46. Qd8+ Qf8 47. Qg5+ Kf7 48. Kf1 Ke8 49. Qe3+ 1/2-1/2

[Event "MČR juniorů a juniorek v rapid šachu 2023"]
[Site "Czech Republic"]
[Date "2023.09.23"]
[Round "3.3"]
[White "Garabik, Marek"]
[Black "Hlavina, Matous"]
[Result "1/2-1/2"]
[TimeControl "20 min + 5 sec per move"]
[WhiteFideId "23717742"]
[BlackFideId "386650"]
[WhiteElo "1787"]
[BlackElo "2005"]

1. e4 e6 2. d4 d5 3. exd5 exd5 4. Nc3 Nf6 5.
Bg5 c6 6. Bd3 Bd6 7. Nge2 b5 8.
Qd2 O-O 9. O-O Re8 10. Rae1 b4 11. Nd1 Ba6 12. Ng3 Bxd3 13. Qxd3 Nbd7 14. Ne3 h6 15. Bxf6 Nxf6 16. Nef5 Bf8 17.
f3 Qd7 18. Nh1 Nh5 19. g4 Nf4 20. Qd2 Qc7 21. Nf2 g6 22. Ng3 Bd6 23. Kh1 a5 24. Rg1 Kh7 25. Rxe8 Rxe8 26. Nd3 Nh3 27.
Re1 Bf4 28. Nxf4 Rxe1+ 29. Qxe1 Qxf4 30. Kg2 Ng5 31. Qf2 Qc1 32. b3 Ne6 33. Ne2 Qxc2 34. h4 Qxe2 35. Qxe2 Nf4+ 36. Kf2 Nxe2 37. Kxe2 Kg7 38. Ke3 Kf6 39. Kd3 Ke6 40. Ke3 Kd6 41.
f4 c5 42. dxc5+ Kxc5 43. Kd3 d4 44. Ke4 f5+ 45. gxf5 gxf5+ 46. Kd3 Kd5 47. h5 Kc5 48.
Kd2 Kd6 49. Kc2 Kc6 50. Kd2 Kb5 51. Kd3 Kc5 52. Kc2 Kd5 53. Kd3 Kc5 54. Kc2 Kd6 55. Kd2 Kd5 1/2-1/2

[Event "MČR juniorů a juniorek v rapid šachu 2023"]
[Site "Czech Republic"]
[Date "2023.09.23"]
[Round "3.4"]
[White "Dolensky, Filip"]
[Black "Hosova, Sandra"]
[Result "1-0"]
[TimeControl "20 min + 5 sec per move"]
[WhiteFideId "399000"]
[BlackFideId "397717"]
[WhiteElo "1942"]
[BlackElo "1682"]

1. e4 d5 2. exd5 Qxd5 3. Nc3 Qd6 4. d3 Nf6 5. Nge2 Bg4 6.
Be3 e6 7. h3 Bh5 8. Qd2 c6 9. g4 Bg6 10. Bg2 Qc7 11. O-O Bd6 12. Bf4 e5 13. Be3 Nbd7 14. Ng3 O-O 15. Rae1 Rad8 16.
Qe2 Nb6 17. Nce4 Be7 18. Nxf6+ Bxf6 19. Ne4 Be7 20. Ng3 Nd5 21. Bc1 f6 22. Be4 Bxe4 23. dxe4 Nf4 24. Bxf4 exf4 25. Nf5 Rfe8 26. Qc4+ Kh8 27. Nd4 Qe5 28.
c3 Bd6 29. Nf3 Qe7 30. Re2 Bb8 31. Rfe1 Rd7 32. e5 fxe5 33. Nxe5 Bxe5 34. Rxe5 Qxe5 35. Rxe5 Rxe5 36. Qxf4 Re8 37. h4 Kg8 38. Qc4+ Kh8 39.
Qc5 a6 40. Kg2 Rde7 41. Kg3 h6 42. b4 Re2 43. a4 Ra2 44. g5 Ree2 45. Qf8+ Kh7 46. Qf5+ Kg8 47. Qc8+ Kh7 48. gxh6 Kxh6 49.
Qxb7 Rxf2 50. Qxc6+ Kh7 51. Qe4+ Kh8 52. b5 axb5 53. axb5 Rfb2 54. Qe8+ Kh7 55.
Qh5+ Kg8 56. Qe8+ Kh7 57. Qe4+ Kg8 58. c4 Ra3+ 59. Kf4 Ra4 60. Ke5 Rbb4 61. Kd5 Ra2 62. Kc5 Rbb2 63. Qe6+ Kh8 64.
b6 Ra5+ 65. Kc6 Ra6 66. c5 Rc2 67.
Qc8+ 1-0

[Event "MČR juniorů a juniorek v rapid šachu 2023"]
[Site "Czech Republic"]
[Date "2023.09.23"]
[Round "3.5"]
[White "Svacina, Tobias"]
[Black "Cibulka, Josef"]
[Result "1/2-1/2"]
[TimeControl "20 min + 5 sec per move"]
[WhiteFideId "385859"]
[BlackFideId "23708042"]
[WhiteElo "1782"]
[BlackElo "1922"]

1. e4 c5 2. Nf3 Nc6 3. d4 cxd4 4. Nxd4 g6 5. Nc3 Bg7 6. Be3 Nf6 7. Be2 O-O 8. Nb3 d6 9. f4 Bd7 10. g4 a6 11. g5 Ne8 12.
h4 b5 13. h5 Nc7 14. a3 a5 15. Qd2 b4 16. Nd1 a4 17. Nd4 Nxd4 18. Bxd4 e5 19. fxe5 Ne6 20. Be3 dxe5 21. hxg6 hxg6 22.
Bc4 Nd4 23. Bxd4 exd4 24. Nf2 Re8 25. axb4 Qc7 26. Bd5 Rac8 27. Kd1 Be6 28. Bxe6 Rxe6 29. b5 Re5 30. Rxa4 Rc5 31. Nd3 Rxc2 32.
Qf4 Qxf4 33. Nxf4 Rxb2 34. Rh3 Rxb5 35. Nd5 Rcb8 36. Rha3 Rb1+ 37. Ke2 Rg1 38. Ne7+ Kf8 39. Nc6 Re8 40.
Kf3 Rxg5 41. Nxd4 Bxd4 42. Rxd4 Rge5 43. Ra7 R8e7 44. Ra6 Kg7 45. Ra1 g5 46. Ra6 f6 47. Rdd6 Rf7 48. Rab6 Kg6 49. Ra6 Rb5 50. Rac6 Rb3+ 51.
Kg4 Re3 52. Re6 Kg7 53. e5 Re4+ 54. Kf3 Rxe5 55. Rxe5 fxe5+ 56. Kg4 Rf6 57. Rc5 Kg6 58. Rxe5 Rf4+ 59. Kg3 Rb4 60. Re3 Kh5 61. Ra3 Rg4+ 62. Kh3 Rb4 63. Kg3 Rb1 64. Ra4 Rb3+ 65. Kg2 g4 66. Ra8 Rb2+ 67.
Kg1 Kh4 68. Ra1 Kh3 69. Ra3+ g3 70. Ra1 Rg2+ 71. Kh1 Rc2 72. Kg1 Re2 73. Rb1 Kg4 74. Rb4+ Kf3 75. Rb3+ Kg4 76. Rb4+ Kh3 77. Rb1 Re5 78. Ra1 Rf5 79. Rb1 Rf3 80. Rb8 Rf4 81.
Rh8+ Kg4 82. Rb8 Re4 83. Rb1 Kh3 84. Ra1 Re3 85. Rb1 g2 86. Ra1 Kg3 87. Rb1 Kf3 88. Ra1 Rd3 89. Rb1 Re3 1/2-1/2

[Event "MČR juniorů a juniorek v rapid šachu 2023"]
[Site "Czech Republic"]
[Date "2023.09.23"]
[Round "3.6"]
[White "Dobsa, Emma"]
[Black "Steinbauer, Sebastian"]
[Result "0-1"]
[TimeControl "20 min + 5 sec per move"]
[WhiteFideId "23709391"]
[BlackFideId "399272"]
[WhiteElo "1480"]
[BlackElo "1880"]

1. e4 b6 2. d4 Bb7 3. Nc3 e6 4.
f4 c5 5. d5 exd5 6. exd5 Nf6 7.
d6 Ne4 8. Nxe4 Bxe4 9. Bc4 Nc6 10. Qe2 f5 11. Bd5 Nd4 12. Qc4 Bxd6 13. Bxe4 fxe4 14. Be3 Qf6 15. Ne2 Nxe2 16. Qxe4+ Kf7 17.
Kxe2 Rae8 18. Qd5+ Kf8 19. g3 g6 20. Rhe1 Re6 21. Qa8+ Ke7 22. Qxa7 Qxb2 23. Kf3 Qxc2 24. Qxb6 Rb8 25.
Qa7 Rb2 26. a4 Qg2+ 27. Kg4 Qxh2 28. Rh1 h5+ 29. Kg5 Qxg3+ 30. Kh6 Bxf4+ 31. Bxf4 Qxf4+ 32. Kh7 Qf7 33. Kh6 g5+ 34. Kxg5 Rg2+ 35. Kh4 Re4+ 36. Kh3 Qf3# 0-1

[Event "MČR juniorů a juniorek v rapid šachu 2023"]
[Site "Czech Republic"]
[Date "2023.09.23"]
[Round "3.7"]
[White "Nagy, Ladislav"]
[Black "Zadrapova, Amalie"]
[Result "1/2-1/2"]
[TimeControl "20 min + 5 sec per move"]
[WhiteFideId "374300"]
[BlackFideId "23710276"]
[WhiteElo "2089"]
[BlackElo "1590"]

1. e4 c5 2. Nf3 d6 3. d4 cxd4 4. Qxd4 Nc6 5. Bb5 Bd7 6. Bxc6 bxc6 7. c4 e5 8. Qd3 Nf6 9. Nc3 Be7 10.
O-O O-O 11. Bg5 Be6 12. Rfd1 Qb6 13. b3 Rfd8 14. Be3 Qc7 15. Rac1 Rac8 16. h3 Qb8 17. Ng5 h6 18. Nxe6 fxe6 19.
f4 d5 20. fxe5 Qxe5 21. Bd4 Qg5 22. Bxf6 Bxf6 23. Ne2 d4 24. Kh1 c5 25. Rf1 Be5 26. Rf3 Rf8 27. Rcf1 Bd6 28. Rxf8+ Rxf8 29.
Rxf8+ Bxf8 30. Kg1 Bd6 31. Kf2 Qh4+ 32.
Kf1 Bc7 33. Ng1 Bg3 34. Nf3 Qf4 35. Ke2 g5 36. Kd1 h5 37. Nd2 Bf2 38. Qf3 Be3 39. Qxf4 Bxf4 40. Nf3 g4 41. hxg4 hxg4 42.
Ne1 Kg7 43. Nd3 Bd6 44. a3 a5 45.
Ke2 Kg6 46. Kf2 Kg5 47. Ke2 Kh4 48. Kf2 Kg5 49. Ke2 1/2-1/2

[Event "MČR juniorů a juniorek v rapid šachu 2023"]
[Site "Czech Republic"]
[Date "2023.09.23"]
[Round "3.8"]
[White "Pejrimovska, Viola Ruby"]
[Black "Jun, Rudolf"]
[Result "0-1"]
[TimeControl "20 min + 5 sec per move"]
[WhiteFideId "23709529"]
[BlackFideId "376612"]
[WhiteElo "1581"]
[BlackElo "2151"]

1. e4 g6 2. d4 Bg7 3. Nc3 d6 4.
Be3 c6 5. Qd2 b5 6. O-O-O h6 7. f4 Nf6 8. Bd3 Ng4 9. h3 Nxe3 10. Qxe3 b4 11. Nce2 Qa5 12. Kb1 Ba6 13. e5 dxe5 14.
dxe5 e6 15. g4 O-O 16. Nf3 Bxd3 17. Rxd3 Na6 18. f5 Rfd8 19. fxe6 fxe6 20. Ned4 Nc5 21. Rdd1 Qc7 22. Nf5 exf5 23. Qxc5 fxg4 24. hxg4 Qf7 25.
Nd4 Rd5 26. Qxc6 Rad8 27. e6 Qe7 28. c3 bxc3 29. bxc3 R5d6 30. Qe4 Bxd4 31. cxd4 Rxe6 32. Qf4 Qb4+ 33. Ka1 Qc3+ 34. Kb1 Rb6# 0-1

[Event "MČR juniorů a juniorek v rapid šachu 2023"]
[Site "Czech Republic"]
[Date "2023.09.23"]
[Round "3.9"]
[White "Pavlis, Matej"]
[Black "Martinkovic, Adam"]
[Result "0-1"]
[TimeControl "20 min + 5 sec per move"]
[WhiteFideId "23735767"]
[BlackFideId "23728019"]
[WhiteElo "1771"]
[BlackElo "1807"]

1. d4 c5 2. d5 e5 3. c4 d6 4. Nc3 f5 5. e4 Nf6 6. Bg5 h6 7. Bxf6 Qxf6 8. Be2 Be7 9. Nf3 O-O 10.
Qd3 Qg6 11. O-O-O fxe4 12. Nxe4 Bf5 13. Nfd2 Bg5 14. Bf3 Nd7 15. h4 Bxd2+ 16. Rxd2 Nf6 17. Re1 Rf7 18. Nxf6+ Qxf6 19. Be4 Raf8 20.
Qg3 Bxe4 21. Rxe4 Qf5 22. f3 a6 23. Qe1 b5 24. Qe2 Rb8 25. Rd3 bxc4 26. Rxc4 Rfb7 27. b3 Rb4 28. Rdc3 a5 29.
g4 Qf6 30. h5 Qg5+ 31. Kc2 0-1

[Event "MČR juniorů a juniorek v rapid šachu 2023"]
[Site "Czech Republic"]
[Date "2023.09.23"]
[Round "3.10"]
[White "Stejskal, Michal"]
[Black "Nagyova, Daniela"]
[Result "1/2-1/2"]
[TimeControl "20 min + 5 sec per move"]
[WhiteFideId "398195"]
[BlackFideId "390070"]
[WhiteElo "1959"]
[BlackElo "1762"]

1. e4 e5 2. Nf3 Nc6 3. c3 Nf6 4. d4 exd4 5. e5 Qe7 6. cxd4 Ne4 7. Nc3 Nxc3 8. bxc3 d6 9. Bb5 Bd7 10. Bxc6 Bxc6 11. O-O O-O-O 12. Bf4 Qd7 13. Bg3 Be7 14. a4 Bd5 15. Re1 g5 16. a5 h5 17. exd6 cxd6 18. c4 Bxf3 19. Qxf3 h4 20. a6 hxg3 21.
Qxb7+ Qxb7 22. axb7+ Kd7 23. b8=Q Rxb8 24. Rxa7+ Kd8 25.
Raxe7 gxf2+ 26. Kxf2 Rb2+ 27. Kg1 Rh4 28. Rxf7 Rg4 29. Rf2 Rxf2 30. Kxf2 Rxd4 31. Rc1 Ke7 32. c5 dxc5 33. Rxc5 Kf6 34. h3 Rd3 35. Ra5 Rb3 36. Ra8 Kf5 37. Rf8+ Kg6 38. Rf3 Rb4 39.
Kg3 Kh5 40. Rc3 Kg6 41. Rc6+ Kf5 42. Rc5+ Kf6 43. Kf3 Kg6 44.
Kg3 Kf6 45. Rc6+ Kf5 46. Ra6 Rb3+ 47.
Kh2 Rc3 48. Ra5+ Kf6 49. h4 gxh4 50. Rh5 Kg6 51. Rxh4 Kg5 52. Ra4 Rb3 53. g3 Kf5 54. Kh3 Kg5 55. Ra5+ Kg6 56. Kh4 Kg7 57. Ra6 Rb5 58. g4 Kg8 59. Ra7 Rc5 60. g5 Rc6 61.
Kh5 Rb6 62. Ra4 Kg7 63. Rf4 Ra6 64. Rb4 Rc6 65. Rb7+ Kg8 66. g6 Rc1 67. Rb5 Rh1+ 68. Kg5 Rg1+ 69. Kh5 Rh1+ 70. Kg4 Rg1+ 71. Kf5 Rf1+ 72. Ke6 Kg7 1/2-1/2

[Event "MČR juniorů a juniorek v rapid šachu 2023"]
[Site "Czech Republic"]
[Date "2023.09.23"]
[Round "3.11"]
[White "Pejrimovsky, Tadeas Rubel"]
[Black "Bezdek, Tomas"]
[Result "0-1"]
[TimeControl "20 min + 5 sec per move"]
[WhiteFideId "23709537"]
[BlackFideId "23733551"]
[WhiteElo "1679"]
[BlackElo "1933"]

1. e4 e6 2. Nf3 d5 3. e5 c5 4. b4 d4 5. bxc5 Bxc5 6. Bb5+ Bd7 7. Bd3 Nc6 8. a3 Nge7 9. O-O Ng6 10.
Re1 Qc7 11. c3 Ngxe5 12. Bf1 O-O 13. Bb2 d3 14. Nxe5 Nxe5 15. Qh5 f6 16. c4 Bxf2+ 17. Kxf2 Qb6+ 18. Kg3 Qxb2 19. Nc3 Qxd2 20.
Ne4 Qb2 0-1

[Event "MČR juniorů a juniorek v rapid šachu 2023"]
[Site "Czech Republic"]
[Date "2023.09.23"]
[Round "3.12"]
[White "Hurtik, Matej"]
[Black "Pistej, Tomas"]
[Result "1-0"]
[TimeControl "20 min + 5 sec per move"]
[WhiteFideId "397997"]
[BlackFideId "23750740"]
[WhiteElo "1930"]
[BlackElo "1640"]

1. e4 e5 2. Nf3 Nc6 3. Bc4 Nf6 4. Ng5 d5 5. exd5 Na5 6. Bb5+ c6 7. dxc6 bxc6 8. Bd3 Nd5 9. Ne4 f5 10.
Ng3 e4 11. Be2 Bd6 12. d3 exd3 13. Bxd3 O-O 14. O-O c5 15. Bc4 Nxc4 16. Qxd5+ Kh8 17. Qxc4 a5 18. Rd1 Qc7 19. Nc3 Ba6 20.
Nb5 Bxb5 21. Qxb5 c4 22. Be3 Rab8 23. Qd5 Rbd8 24. Bg5 Be7 25. Bxe7 Rxd5 26. Bxf8 Rxd1+ 27. Rxd1 Qc8 28. Be7 1-0

[Event "MČR juniorů a juniorek v rapid šachu 2023"]
[Site "Czech Republic"]
[Date "2023.09.23"]
[Round "3.13"]
[White "Slaby, Matej"]
[Black "Boff, Vojtech"]
[Result "1-0"]
[TimeControl "20 min + 5 sec per move"]
[WhiteFideId "23734876"]
[BlackFideId "23733969"]
[WhiteElo "1922"]
[BlackElo "1632"]

1. d4 Nf6 2. Nf3 e6 3. e3 b6 4. Nbd2 Bb7 5. Bd3 d5 6. b3 Be7 7. Bb2 c5 8. O-O Nc6 9. a3 O-O 10.
Ne5 cxd4 11. exd4 Rc8 12. f4 Qc7 13. Qe2 Rfd8 14. Rf3 Bf8 15. Rh3 g6 16. Rf1 Ne7 17. Ndf3 h6 18. g4 Ne4 19.
Nh4 Bg7 20. f5 exf5 21. gxf5 g5 22. Ng2 Nf6 23. Ne3 Nc6 24. N3g4 Nxg4 25. Nxg4 Re8 26. Qf2 Kh7 27. f6+ Kg8 28.
fxg7 Kxg7 29. Qf6+ Kf8 30. Rxh6 1-0

[Event "MČR juniorů a juniorek v rapid šachu 2023"]
[Site "Czech Republic"]
[Date "2023.09.23"]
[Round "3.14"]
[White "Mrkvan, Frantisek"]
[Black "Sulc, Jakub"]
[Result "0-1"]
[TimeControl "20 min + 5 sec per move"]
[WhiteFideId "23721626"]
[BlackFideId "394050"]
[WhiteElo "1601"]
[BlackElo "1920"]

1. e4 e6 2. d4 d5 3. e5 c5 4.
c3 Nc6 5. Nf3 Qb6 6. Bd3 Bd7 7. O-O cxd4 8. Re1 a6 9.
Nbd2 dxc3 10. bxc3 Bc5 11. Qe2 Qc7 12. c4 Nge7 13. Nb3 Bb4 14. Rd1 dxc4 15. Bxc4 b5 16.
Bd3 Nd5 17. Bb2 Bc3 18. Be4 Nce7 19. Rac1 b4 20. Nbd4 Qb6 21. Bxc3 Nxc3 22. Rxc3 bxc3 23. Bxa8 O-O 24. Be4 Rc8 25.
Qc2 Qa5 26. Nb3 Qc7 27. Bxh7+ Kf8 28. Be4 f5 29. exf6 gxf6 30. g4 f5 31. gxf5 exf5 32. Bd3 Kf7 33. Nbd4 Qf4 34. Qb3+ Kf6 35. Qb6+ Bc6 36. Nxc6 Rxc6 37. Qd4+ Qxd4 38. Nxd4 Rd6 39. Ne2 Nd5 40. Bc4 c2 41. Rxd5 Rc6 42. Bb3 c1=Q+ 43. Nxc1 Rxc1+ 44. Kg2 Rc6 45. Rd8 Kg5 46. Rg8+ Kf4 47. Rf8 Rg6+ 48. Kh1 Rc6 49. Kg2 Rg6+ 50. Kf1 Rc6 51. Ke2 Ke5 52. Re8+ Kf4 53. Ra8 Rh6 54. Bc4 Rc6 55. Bd3 Re6+ 56. Kf1 Rh6 57.
Rxa6 Rh3 58. Ra4+ Kg5 59. Bc2 Rc3 60. Bb3 f4 61. Ra5+ Kg4 62. Kg2 f3+ 63. Kg1 Rc1+ 0-1